 Dungeon Crawl Stone Soup version 0.30-a0-824-g6c64550be9 (webtiles) character file.

Game seed: 15290311533705003077

39 bmack86 the Covered (level 3, -2/33 HPs)
             Began as a Minotaur Fighter on Feb 28, 2023.
             Succumbed to an adder's poison
             ... on level 2 of the Dungeon.
             The game lasted 00:02:59 (1187 turns).

bmack86 the Covered (Minotaur Fighter)              Turns: 1187, Time: 00:03:00

Health: -2/33      AC:  7    Str: 22    XL:     3   Next: 28%
Magic:  2/2        EV:  9    Int:  5    God:
Gold:   89         SH:  4    Dex:  9    Spells: 2/2 levels left

rFire   . . .      SeeInvis .    a - +0 war axe
rCold   . . .      Faith    .    c - +0 buckler
rNeg    . . .      Spirit   .    b - +0 scale mail
rPois   .          Reflect  .    (helmet restricted)
rElec   .          Harm     .    (no cloak)
rCorr   .          Rampage  .    (no gloves)
Will    .....                    (no boots) Stlth
                                 (no amulet)
HPRegen 0.25/turn                (no ring)
MPRegen 0.08/turn                (no ring)

@: lethally poisoned (-2 -> -13)
A: horns 2, retaliatory headbutt
a: no special abilities


You were on level 2 of the Dungeon.
You visited 1 branch of the dungeon, and saw 2 of its levels.

You collected 89 gold pieces.

Inventory:

Hand Weapons
 a - a +0 war axe (weapon)
Armour
 b - a +0 scale mail (worn)
 c - a +0 buckler (worn)
Scrolls
 e - a scroll of noise {unknown}
 h - a scroll of teleportation {unknown}
 i - a scroll of fear {unknown}
 j - 2 scrolls of enchant weapon {unknown}
Potions
 d - a potion of might
 f - 2 potions of curing
 g - a potion of haste
 k - a potion of attraction {unknown}


   Skills:
 + Level 4.0 Fighting
 * Level 3.4 Axes
 + Level 4.0 Armour
 + Level 4.0 Shields


You had 2 spell levels left.
You didn't know any spells.
Your spell library was empty.

Dungeon Overview and Level Annotations

Branches:
Dungeon (2/15)

Altars:


Innate Abilities, Weirdness & Mutations

You have a pair of horns on your head.
You reflexively headbutt those who attack you in melee.


Message History

You hit the adder. The adder bites you but does no damage.
Sigmund closely misses you. The adder closely misses you.
You closely miss Sigmund.
Sigmund is moderately wounded.
You barely miss the adder. You block the adder's attack.
Sigmund hits you but does no damage. The adder bites you but does no damage.
You barely miss Sigmund. You headbutt Sigmund.
Sigmund is heavily wounded.
You closely miss the adder. The adder bites you but does no damage.
Sigmund hits you but does no damage.
You slash Sigmund!
Sigmund is almost dead.
You miss the adder. The adder bites you. The adder closely misses you.
You furiously retaliate!
You headbutt the adder!
Sigmund mumbles some strange words.
Sigmund flickers and vanishes!
Deactivating autopickup; reactivate with Ctrl-A.
You miss something. Your headbutt misses something. You barely miss the adder.
The adder bites you but does no damage. The adder bites you.
Something hits you but does no damage.
You miss something. Your headbutt misses something. You miss the adder.
The adder closely misses you. The adder bites you but does no damage.
Something hits you!
* * * LOW HITPOINT WARNING * * *
You closely miss something. Your headbutt misses something.
You closely miss the adder. The adder bites you.
* * * LOW HITPOINT WARNING * * *
You are lethally poisoned!
The adder poisons you! Something hits you but does no damage.
The adder closely misses you. You furiously retaliate!
You headbutt the adder. You barely miss something. You closely miss the adder.
* * * LOW HITPOINT WARNING * * *
You feel sick. The adder bites you.
* * * LOW HITPOINT WARNING * * *
You are more poisoned.
The adder poisons you!
You slash something!
Reactivating autopickup.
You feel a bit more experienced.
You barely miss the adder.
You die...

...##......#..#........
#.........#.## #......
##..........####....##
#....................
#..........#..##.....
##.....#...#......#..
#.....<..#.#.#.<..##.
#......?.#...##...###
#..)@.......# #...###
#...S)).#...## ##.##..
#.......##.#..# ......
#.......# .#... ..♣♣..
.......... ## .♣♣♣♣♣
.......)..# .. ♣
#(......... ♣
#.........## ♣ # ♣♣


You could see an adder.

Vanquished Creatures
  Sigmund (D:2)
  A worm (D:2)
  2 dart slugs
  2 endoplasms (D:1)
  4 goblins
  5 hobgoblins
  2 jackals (D:2)
  A quokka (D:2)
  4 ball pythons
  3 bats
  2 frilled lizards (D:2)
  2 kobolds
  A rat (D:2)
30 creatures vanquished.

Notes
Turn   | Place    | Note
-------+----------+-------------------------------------------
     0 | D:1      | bmack86 the Minotaur Fighter began the quest for the Orb.
     0 | D:1      | Reached XP level 1. HP: 19/19 MP: 0/0
   303 | D:1      | Reached XP level 2. HP: 27/27 MP: 1/1
  1113 | D:2      | Reached XP level 3. HP: 33/33 MP: 2/2
  1168 | D:2      | Noticed Sigmund
  1186 | D:2      | HP: 1/33 [adder (2)]
  1187 | D:2      | Killed Sigmund
  1187 | D:2      | Succumbed to an adder's poison

Illustrated notes

Levels and vault maps discovered:
D:1:      dpeg_arrival_tiny_a, layout_loops_corners, grunt_decor_clamped
D:2:      layout_rooms, nrook_campfire, uniq_sigmund

Skill      XL: |  1  2  3 |
---------------+----------+-----
Axes           | 3 |  3.4
Armour         | 4 |  4.0
Shields        | 4 |  4.0
Fighting       | 4 |  4.0

Action                     || total
---------------------------++-------
  Melee: War axe           ||    65
         Headbutt          ||     4
    Use: Scroll            ||     3
 Armour: Scale mail        ||    43
  Dodge: Dodged            ||    47
  Block: Buckler           ||    19

Table legend: (Time is in decaauts)
 A = Elapsed time spent in this place.
 B = Non-inter-level travel time spent in this place.
 C = Inter-level travel time spent in this place.
 D = Time resting spent in this place.
 E = Time spent auto-exploring this place.
 F = Levels seen in this place.
 G = Mean time per level.
                   A        B        C        D        E       F      G
               +--------+--------+--------+--------+--------+-----+--------+
         Total |   1211 |   1189 |     22 |      0 |    831 |   2 |  605.5 |
       Dungeon |   1211 |   1189 |     22 |      0 |    831 |   2 |  605.5 |
               +--------+--------+--------+--------+--------+-----+--------+

Top non-repeatable levels by time:
     D:1: 900 daAuts
     D:2: 311 daAuts
